 Dungeon Crawl Stone Soup version 0.19-a0-607-g42021f0 (webtiles) character file.

249 st0uf the Covered (level 5, -5/47 HPs)
             Began as a Minotaur Fighter on June 12, 2016.
             Slain by Grinder (9 damage)
             ... on level 4 of the Dungeon.
             The game lasted 00:08:41 (2478 turns).

st0uf the Covered (Minotaur Fighter)                Turns: 2478, Time: 00:08:42

Health: -5/47      AC:  7    Str: 20    XL:     5   Next: 87%
Magic:  4/4        EV: 10    Int:  5    God:
Gold:   188        SH:  0    Dex: 11    Spells: 0 memorised, 4 levels left

rFire  . . .     SeeInvis .     a - +0 war axe
rCold  . . .     Gourm    .     b - +0 scale mail
rNeg   . . .     Faith    .     (no shield)
rPois  .         Spirit   .     (helmet restricted)
rElec  .         Dismiss  .     (no cloak)
rCorr  .         Reflect  .     (no gloves)
SustAt .         Harm     .     (no boots)
MR     .....                    (no amulet)
Stlth  ..........               (no ring)
                                (no ring)

@: not resistant to hostile enchantments, extremely unstealthy
A: retaliatory headbutt, horns 2
a: no special abilities


You were on level 4 of the Dungeon.
You were not hungry.

You visited 1 branch of the dungeon, and saw 4 of its levels.

You collected 188 gold pieces.

Inventory:

Hand Weapons
 a - a +0 war axe (weapon)
 B - a +0 shortbow
Missiles
 y - 49 arrows
Armour
 b - a +0 scale mail (worn)
 c - a +0 shield
Jewellery
 x - an uncursed amulet of magic regeneration
Wands
 v - a wand of enslavement (12/24)
Scrolls
 h - a scroll of fear {unknown}
 i - 3 scrolls of remove curse {unknown}
 j - a scroll of recharging {unknown}
 p - a scroll of enchant armour {unknown}
 q - 5 scrolls of identify {unknown}
 r - a scroll of teleportation {unknown}
 s - a scroll of random uselessness {unknown}
 t - a scroll of enchant weapon {unknown}
Potions
 d - 2 potions of might
 e - a potion of degeneration {unknown}
 k - a potion of cure mutation {unknown}
 l - 2 potions of haste {unknown}
 m - a potion of ambrosia {unknown}
 u - a potion of beneficial mutation {unknown}
 z - 2 potions of agility {unknown}
Books
 o - a Young Poisoner's Handbook

   Spells                             Type                      Level
   a - Sting                          Conjuration/Poison           1
   b - Cure Poison                    Poison                       2
   c - Mephitic Cloud                 Conjuration/Poison/Air       3
   d - Olgreb's Toxic Radiance        Poison                       4
   e - Venom Bolt                     Conjuration/Poison           5
Comestibles
 f - 5 bread rations
 g - 2 slices of pizza
 n - 4 meat rations
 w - a beef jerky
 A - 6 chunks of flesh


   Skills:
 + Level 4.4 Fighting
 * Level 4.6 Axes
 * Level 0.4 Bows
 + Level 4.9 Armour
 + Level 1.9 Dodging
 + Level 4.7 Shields


You had 4 spell levels left.
You didn't know any spells.

Dungeon Overview and Level Annotations

Branches:
Dungeon (4/15)
 Temple: D:4-7

Altars:
Dithmenos
Hepliaklqana
Nemelex Xobeh
Okawaru
Qazlal
Trog
Xom

Annotations:
D:4 Grinder


Innate Abilities, Weirdness & Mutations

You reflexively headbutt those who attack you in melee.
You have a pair of horns on your head.


Message History

You hit Grinder.
Grinder is moderately wounded.
Grinder misses you.
You hit Grinder.
Grinder is heavily wounded.
Grinder closely misses you.
You hit Grinder. Your headbutt misses Grinder.
Grinder is heavily wounded.
Grinder gestures at you. Pain shoots through your body!
* * * LOW HITPOINT WARNING * * *
Grinder gestures at you. You resist with significant effort.
You closely miss Grinder. Your headbutt misses Grinder.
Grinder is heavily wounded.
Grinder barely misses you. You furiously retaliate!
You headbutt Grinder. You hit Grinder.
Grinder is severely wounded.
Grinder hits you!
You die...

... ... #.# #.# #.# #
######.# #. ...##.#
...##.##.### ###
#.....=.@.###
....#####.._.5...#
#.#...##.............
#.# #(...########....
##.####....## ###
#..>........######
#...<.............
#.......b.........
###.................


You could see Grinder.

Vanquished Creatures
  A centaur (D:3)
  A hound (D:4)
  3 gnolls (D:2)
  2 adders
  5 worms
  4 dart slugs
  2 giant geckos (D:1)
  5 orcs
  3 giant cockroaches
  8 goblins
  7 hobgoblins
  3 jackals (D:2)
  5 kobolds
  6 bats
  5 giant newts (D:1)
  5 rats
  A bush (D:2)
  2 plants (D:2)
68 creatures vanquished.

Notes
Turn   | Place    | Note
--------------------------------------------------------------
     0 | D:1      | st0uf the Minotaur Fighter began the quest for the Orb.
     0 | D:1      | Reached XP level 1. HP: 19/19 MP: 0/0
    71 | D:1      | Reached XP level 2. HP: 19/27 MP: 1/1
   471 | D:2      | Found a faded altar of an unknown god.
   473 | D:2      | Reached XP level 3. HP: 33/33 MP: 2/2
   485 | D:2      | Reached skill level 1 in Dodging
   485 | D:2      | Reached XP level 4. HP: 22/40 MP: 3/3
   743 | D:2      | Found a hazy altar of Hepliaklqana.
   744 | D:2      | Found a bloodstained altar of Trog.
   745 | D:2      | Found a stormy altar of Qazlal.
   747 | D:2      | Found an iron altar of Okawaru.
   747 | D:2      | Found a sparkling altar of Nemelex Xobeh.
   748 | D:2      | Found a shadowy altar of Dithmenos.
  1616 | D:3      | Noticed a centaur
  1624 | D:3      | Killed a centaur
  1624 | D:3      | Reached XP level 5. HP: 22/47 MP: 4/4
  2350 | D:4      | Found a shimmering altar of Xom.
  2463 | D:4      | Noticed Grinder
  2478 | D:4      | Slain by Grinder

Vault maps used:
D:1:      tarquinn_simple_flora_water_a, supply_closet_lemuel
D:2:      grunt_temple_overflow_open, ecumenical_altar_2, serial_forest,
          infiniplex_forest_clump_curved, infiniplex_forest_lined_3_way,
          infiniplex_forest_end_2, infiniplex_forest_pool,
          infiniplex_forest_lined_room_2, infiniplex_forest_clump_medium,
          infiniplex_forest_clump_diagonal, infiniplex_forest_split,
          infiniplex_forest_lined_4_way
D:4:      lemuel_upstairs_altar, grunt_temple_overflow_lords_of_destruction,
          xom_butterflies, first_bread, wad_floor_pattern_untrapped,
          uniq_eustachio, uniq_grinder, uniq_blork_the_orc

Skill      XL: |  1  2  3  4 |
---------------+-------------+-----
Armour         | 4 |  4.9
Axes           | 3 4 |  4.6
Fighting       | 4 |  4.4
Shields        | 4 |  4.7
Dodging        | 1 |  1.9
Bows           | |  0.4

Action                   |  1- 3 |  4- 6 || total
-------------------------+-------+-------++-------
Melee: War axe           |    48 |   175 ||   223
       Headbutt          |    13 |    38 ||    51
 Fire: Shortbow          |       |     5 ||     5
  Eat: Chunk             |       |     5 ||     5
Armor: Scale mail        |    37 |    19 ||    56
Dodge: Dodged            |    21 |    27 ||    48
Block: Shield            |    28 |    39 ||    67
